 Dungeon Crawl Stone Soup version 0.18-a0-775-g4d9e04e (webtiles) character file.

233774 Crishpax the Unseen (level 18, -8/92 HPs)
             Began as a Spriggan Enchanter on Dec 13, 2015.
             Was the Champion of Dithmenos.
             Killed from afar by Nikola (26 damage)
             ... with a chain lightning
             ... on level 1 of the Vaults.
             The game lasted 03:42:30 (47382 turns).

Crishpax the Unseen (Spriggan Enchanter)           Turns: 47382, Time: 03:42:31

Health: -8/92      AC: 13    Str:  4    XL:     18   Next: 42%
Magic:  24/39      EV: 32    Int: 23    God:    Dithmenos [******]
Gold:   1033       SH: 11    Dex: 18    Spells: 7 memorised, 32 levels left

rFire  + . .     SeeInvis +     a - +7 dagger (venom)
rCold  . . .     Clarity  +     q - +2 robe
rNeg   . . .     SustAt   .     i - +3 buckler {rF+}
rPois  +         Gourm    .     (helmet restricted)
rElec  .         Spirit   .     j - +2 cloak {rPois}
rCorr  .         Dismiss  .     (gloves unavailable)
rMut   .         Stasis   .     (boots unavailable)
MR     +++..                    T - amulet of clarity
Stlth  ++++++++++               S - ring of stealth
                                o - +6 ring of protection

@: wreathed by umbra, repel missiles, very quick, extremely resistant to hostile
enchantments, uncannily stealthy
A: unfitting armour, see invisible, herbivore 3, speed 3, slow metabolism 2
a: Shadow Step, Shadow Form, Renounce Religion
}: 2/15 runes: barnacled, gossamer


You were on level 1 of the Vaults.
You worshipped Dithmenos.
Dithmenos was exalted by your worship.
You were not hungry.

You visited 7 branches of the dungeon, and saw 35 of its levels.
You also visited: Labyrinth.

You collected 3870 gold pieces.
You spent 2837 gold pieces at shops.

Inventory:

Hand Weapons
 a - a +7 dagger of venom (weapon)
 b - a +0 blowgun
Missiles
 r - 159 poisoned needles
 D - 14 curare-tipped needles
Armour
 i - a +3 buckler of fire resistance (worn)
 j - a +2 cloak of poison resistance (worn)
 q - a +2 robe (worn)
Jewellery
 c - an uncursed amulet of resist corrosion
 g - an uncursed ring of positive energy
 o - a +6 ring of protection (left hand)
 v - a cursed -2 ring of dexterity {unknown}
 z - an uncursed ring of flight
 N - an uncursed ring of protection from fire
 O - the ring "Unou" {rN+ MP+9}
   (You found it on level 11 of the Dungeon)

   [ring of positive energy]

   It protects you from negative energy.
   It affects your magic capacity (+9).
 S - a ring of stealth (right hand)
 T - an amulet of clarity (around neck)
 V - an uncursed ring of ice
Wands
 w - a wand of lightning (4)
 K - a wand of teleportation (5)
 L - a wand of disintegration (12)
 M - a wand of digging (9)
 Q - a wand of digging (17)
 R - a wand of digging (13)
 U - a wand of cold (10)
Scrolls
 f - 6 scrolls of fear
 k - 9 scrolls of magic mapping
 l - 3 scrolls of fog
 n - 3 scrolls of amnesia
 A - 6 scrolls of teleportation
 B - 5 scrolls of remove curse
 E - 3 scrolls of recharging
 I - a scroll of silence
 J - a scroll of enchant weapon
 W - a scroll of summoning {unknown}
 X - a scroll of torment {unknown}
 Y - 6 scrolls of identify
Potions
 e - 3 potions of agility
 h - 9 potions of heal wounds
 m - 3 potions of magic
 p - 16 potions of curing
 s - 5 potions of resistance
 t - 2 potions of flight
 u - 5 potions of haste
 C - 3 potions of cancellation {unknown}
 G - a potion of invisibility
 H - a potion of cure mutation
 P - 2 potions of brilliance
Comestibles
 d - 16 bread rations
 x - 13 royal jellies
 F - 17 fruits


   Skills:
 + Level 9.2 Fighting
 - Level 11.0 Short Blades
 + Level 15.9 Dodging
 + Level 20.6 Stealth
 - Level 6.0 Shields
 - Level 16.3 Spellcasting
 - Level 16.0 Hexes
 - Level 7.2 Air Magic
 - Level 12.0 Invocations


You had 32 spell levels left.
You knew the following spells:

 Your Spells              Type           Power        Failure   Level  Hunger
a - Corona                Hex            #######      0%          1    None
c - Confuse               Hex            #######.     0%          3    None
e - Repel Missiles        Chrm/Air       #####.       1%          2    None
f - Airstrike             Air            ######....   1%          4    None
k - Passwall              Trmt/Erth      ###.......   12%         3    None
r - Shroud of Golubria    Chrm/Tloc      ###.......   6%          2    None
x - Ensorcelled Hibernat  Hex/Ice        ######       1%          2    None


Dungeon Overview and Level Annotations

Branches:
Dungeon (15/15)            Temple (1/1) D:7            Lair (8/8) D:10
 Shoals (4/4) Lair:6       Spider (4/4) Lair:6        Slime (0/6) Lair:6
    Orc (2/2) D:12            Elf (0/3) Orc:2        Vaults (1/5) D:14
 Depths (0/5) D:15

Altars:
Ashenzari
Cheibriados
Dithmenos
Elyvilon
Fedhas
Gozag
Kikubaaqudgha
Makhleb
Nemelex Xobeh
Okawaru
Pakellas
Qazlal
Ru
Sif Muna
Trog
Vehumet
Xom
Yredelemnul
Zin
The Shining One
Beogh

Shops:
D:12 :%   Orc:2 (![%   Shoals:1 (   Shoals:3 [

Portals:
Hell: Lair:8

Annotations:
D:15 exclusion: ice statue
Lair:3 exclusion: 2 oklob plants
Shoals:4 Ilsuiw
Spider:1 exclusion: Roxanne, Roxanne
Vaults:1 Nikola


Innate Abilities, Weirdness & Mutations

You are tiny and cannot use many weapons and most armour.
You have supernaturally acute eyesight.
You are a herbivore.
You cover ground extremely quickly.
You need consume almost no food.


Message History

Press: ? - help, Shift-Dir - straight line, f/p - Nikola
Aim: Nikola, wielding a rapier of electrocution, wearing a cloak and wearing a pair of gloves (umbra, chance to defeat MR: 8%) Nikola resists with almost no effort.
Your shadow mimicks your spell!
Nikola resists with almost no effort.
Nikola casts a spell at you. The zap misses you.
Casting: Confuse
Confirm with . or Enter, or press ? or * to list all spells.
Aiming: Confuse
Press: ? - help, Shift-Dir - straight line, f/p - Nikola
Aim: Nikola, wielding a rapier of electrocution, wearing a cloak and wearing a pair of gloves (umbra, chance to defeat MR: 8%) Nikola resists with almost no effort.
Nikola casts a spell.
You hear a mighty clap of thunder!
The lightning arc hits you!
The lightning arc hits Nikola.
The lightning arc hits you!
* * * LOW HITPOINT WARNING * * *
The lightning arc hits Nikola.
The lightning arc hits you!
You die...

#+###### #...# #......#
##...##
#......#########.#.#.#
#......#......'...#...
#......#......'...#...
######..)...#......'...#...
#...........+......##.#)#.#
#...#......)#......###...##
#.#..@...)@)'......# #.∩.#
#......######....).# #..[#
#....#.# #......# ##.##
#..#...# #......# #+#
#...o.h# #......# #....o.#
#......# #......# ########
#.....†# #......#


You could see Nikola.

Vanquished Creatures
  Arachne (Spider:3)
  Rupert (Lair:4)
  Frances (D:12)
  Donald (Spider:1)
  A frost giant (Shoals:4)
  A fire giant (D:14)
  Maud (Lair:7)
  7 emperor scorpions
  An orc warlord (Orc:1)
  5 ghost moths (Spider:4)
  Aizul (Spider:4)
  An ironheart preserver (Vaults:1)
  Nessos (Lair:7)
  2 spark wasps (Spider:4)
  An ettin (Orc:2)
  Snorg (D:10)
  9 merfolk javelineers
  A minotaur (Lab)
  A vault guard (D:14)
  14 merfolk impalers
  10 slime creatures
  Erolcha (D:10)
  Fannar (D:12)
  A yaktaur captain (Vaults:1)
  8 hydras
  3 ice dragons
  4 entropy weavers
  A rakshasa (Vaults:1)
  3 alligator snapping turtles
  4 ogre magi (Orc:2)
  6 merfolk aquamancers
  4 satyrs
  3 merfolk avatars
  A catoblepas (D:14)
  A tengu warrior (D:14)
  An orc high priest (Orc:1)
  6 death yaks
  The ghost of Mashchax the Eclecticist, a journeyman DEWz of Vehumet (Lair:1)
  Urug (D:10)
  Sonja (Lair:4)
  10 skeletal warriors
  14 sea snakes
  The ghost of 4thArraOfDagon the Cleaver, a novice HOBe of Trog (D:11)
  20 orb spiders
  15 harpies
  7 hill giants
  3 oklob plants
  A sixfirhy (Lair:8)
  6 ugly things
  8 fauns
  2 orc knights
  25 wolf spiders
  6 hornets
  5 wizards
  2 moths of wrath
  4 water nymphs
  6 elephants (Lair:7)
  10 griffons
  8 manticores
  5 cyclopes
  9 sirens
  A torpor snail (Lair:7)
  12 spiny frogs
  A smoke demon (Lair:8)
  A gargoyle (D:15)
  A kobold demonologist (D:14)
  A vault sentinel (Vaults:1)
  7 centaur skeletons
  4 black mambas
  6 komodo dragons
  A yaktaur (D:15)
  4 orange demons (Lair:8)
  5 fire drakes
  3 ice devils
  A harpy zombie (D:14)
  7 demonic crawlers
  A hellwing (Lair:8)
  2 red devils (Lair:8)
  A minotaur zombie (Lab)
  3 tengu conjurers
  11 two-headed ogres (Orc:2)
  35 merfolk
  2 queen bees
  6 trolls
  A boulder beetle (Spider:4)
  A wind drake (shapeshifter) (D:15)
  4 polar bears
  21 jumping spiders
  A trapdoor spider zombie (D:14)
  13 blink frogs
  24 yaks
  A shadow (D:13)
  8 snapping turtles
  Sigmund (D:6)
  13 trapdoor spiders
  44 redbacks
  A vampire (D:14)
  7 water elementals
  16 tarantellas
  4 basilisks
  10 vampire mosquitoes
  A wraith (D:12)
  9 hippogriffs
  5 wargs
  9 wolves
  A mottled dragon (D:15)
  13 water moccasins
  20 orc warriors
  2 hell hounds (Lair:8)
  A sky beast (D:6)
  5 porcupines
  A wasp (Spider:4)
  2 necrophages
  31 ogres
  19 crocodiles
  3 eyes of draining
  2 phantoms (D:9)
  8 ice beasts
  7 centaurs
  A wyvern zombie (D:14)
  13 giant frogs
  A water moccasin zombie (D:6)
  2 wyvern skeletons (D:14)
  4 scorpions
  42 killer bees
  4 wights (D:7)
  2 electric eels
  A quasit (D:9)
  18 jellies
  4 crimson imps
  2 giant frog zombies
  11 hounds
  11 orc priests
  5 iguanas
  21 orc wizards
  12 worker ants
  A gnoll shaman (D:6)
  19 sheep
  A killer bee zombie (D:7)
  A hound skeleton (D:5)
  A worker ant zombie (D:7)
  12 adders
  5 gnolls (D:6)
  40 river rats
  3 shadow imps
  3 white imps (D:15)
  2 oozes
  2 worms
  An adder skeleton (D:9)
  2 adder zombies
  4 giant geckos
  71 orcs
  A ball python (D:2)
  4 bats
  3 giant cockroaches
  14 goblins
  13 hobgoblins
  13 jackals
  4 quokkas
  4 giant newts
  6 kobolds
  8 rats
  4 fungi (Lair:4)
  A plant (Shoals:4)
1102 creatures vanquished.

Vanquished Creatures (collateral kills)
  A scorpion (D:10)
  An orc (D:7)
2 creatures vanquished.

Vanquished Creatures (others)
  An orc wizard (Orc:1)
  24 fungi
  8 plants
33 creatures vanquished.

Grand Total: 1137 creatures vanquished

Notes
Turn   | Place    | Note
--------------------------------------------------------------
     0 | D:1      | Crishpax the Spriggan Enchanter began the quest for the Orb.
     0 | D:1      | Reached XP level 1. HP: 9/9 MP: 5/5
   483 | D:1      | Reached XP level 2. HP: 13/13 MP: 7/7
   514 | D:1      | Learned a level 2 spell: Ensorcelled Hibernation
  1078 | D:2      | Reached XP level 3. HP: 16/16 MP: 1/9
  1458 | D:2      | Reached skill level 5 in Hexes
  1478 | D:2      | Reached XP level 4. HP: 11/21 MP: 8/11
  1617 | D:2      | Learned a level 3 spell: Confuse
  2252 | D:3      | Found a glowing golden altar of the Shining One.
  2416 | D:3      | You fall through a shaft for 2 floors!
  2416 | D:5      | Entered Level 5 of the Dungeon
  2485 | D:5      | Got a pitted tin amulet
  2598 | D:5      | Found an iron altar of Okawaru.
  2660 | D:4      | Found a deep blue altar of Sif Muna.
  2663 | D:3      | Noticed a centaur
  2685 | D:3      | Killed a centaur
  2685 | D:3      | Reached skill level 5 in Spellcasting
  2685 | D:3      | Reached XP level 5. HP: 17/24 MP: 9/13
  2781 | D:3      | Found a white marble altar of Elyvilon.
  3367 | D:4      | Found a sacrificial altar of Ru.
  3432 | D:4      | Noticed a centaur
  3436 | D:4      | Noticed an ogre
  3490 | D:4      | Killed an ogre
  3490 | D:4      | Reached skill level 6 in Hexes
  3490 | D:4      | Reached XP level 6. HP: 16/28 MP: 1/15
  3839 | D:4      | Found an oddly glowing altar of Pakellas.
  4842 | D:5      | Reached skill level 7 in Hexes
  5080 | D:5      | Reached XP level 7. HP: 32/32 MP: 15/18
  5883 | D:6      | Reached skill level 8 in Hexes
  6223 | D:6      | Reached XP level 8. HP: 19/36 MP: 1/21
  6492 | D:6      | Reached skill level 9 in Hexes
  7016 | D:6      | Noticed Sigmund
  7030 | D:6      | Killed Sigmund
  7030 | D:6      | Reached skill level 10 in Hexes
  7491 | D:6      | Reached skill level 10 in Spellcasting
  7771 | D:7      | Reached XP level 9. HP: 37/39 MP: 15/24
  7840 | D:7      | Reached skill level 5 in Stealth
  8180 | D:7      | Noticed a seven-headed hydra
  8192 | D:7      | Noticed a centaur skeleton
  8217 | D:7      | Killed a seven-headed hydra
  8217 | D:7      | Reached skill level 11 in Hexes
  8504 | D:7      | Killed a centaur skeleton
  8552 | D:7      | Found a staircase to the Ecumenical Temple.
  8562 | Temple   | Entered the Ecumenical Temple
  8769 | D:7      | Reached skill level 5 in Short Blades
  8881 | D:7      | Found a sparkling altar of Nemelex Xobeh.
  9187 | D:8      | Found a shattered altar of Ashenzari.
  9828 | D:8      | Reached XP level 10. HP: 42/44 MP: 21/25
 10345 | D:9      | Found a shadowy altar of Dithmenos.
 10349 | D:9      | Became a worshipper of Dithmenos the Shadowed
 10438 | D:9      | Found a blossoming altar of Fedhas.
 10491 | D:9      | Found a shimmering altar of Xom.
 10498 | D:9      | Found a snail-covered altar of Cheibriados.
 10623 | D:9      | Found an ancient bone altar of Kikubaaqudgha.
 10681 | D:9      | Found a shimmering altar of Xom.
 10703 | D:9      | Reached skill level 12 in Hexes
 10781 | D:9      | Found an opulent altar of Gozag.
 10782 | D:9      | Found a radiant altar of Vehumet.
 10889 | D:10     | Entered Level 10 of the Dungeon
 10889 | D:10     | Noticed Erolcha
 10964 | D:10     | HP: 2/44 [orc priest/divine providence (13)]
 11440 | D:10     | Found a staircase to the Lair.
 11450 | D:10     | Noticed a hill giant
 11457 | D:10     | Killed a hill giant
 11457 | D:10     | Reached skill level 10 in Stealth
 11486 | D:10     | Identified the amulet "Lameqi" {+Rage rC+} (You found it on level 5 of the Dungeon)
 11925 | D:10     | Noticed Urug
 11927 | D:10     | Killed Urug
 11976 | D:10     | Noticed Snorg
 12003 | D:10     | Killed Snorg
 12213 | D:10     | Reached * piety under Dithmenos
 12586 | D:10     | Reached XP level 11. HP: 47/47 MP: 21/26
 12800 | D:10     | Killed Erolcha
 12800 | D:10     | Reached skill level 13 in Hexes
 12885 | D:11     | Found a labyrinth entrance.
 12897 | Lab      | Entered a labyrinth
 13958 | Lab      | Noticed a minotaur
 13976 | Lab      | Killed a minotaur
 14050 | D:11     | Got a slimy wooden ring
 14051 | D:11     | Identified the ring "Unou" {rN+ MP+9} (You found it on level 11 of the Dungeon)
 14152 | D:11     | Noticed 4thArraOfDagon's ghost (novice HOBe)
 14156 | D:11     | Killed 4thArraOfDagon's ghost
 14232 | D:11     | Found an oddly glowing altar of Pakellas.
 14439 | D:12     | Noticed a hill giant
 14522 | D:12     | Killed a hill giant
 14636 | D:12     | Found Mawiegala's Book Emporium.
 14649 | D:12     | Noticed Frances
 14676 | D:12     | Killed Frances
 14813 | D:12     | Found Naretiaz's Food Boutique.
 14819 | D:12     | Reached ** piety under Dithmenos
 14819 | D:12     | Reached skill level 14 in Hexes
 14825 | D:12     | Reached skill level 10 in Short Blades
 14939 | D:12     | Noticed Fannar
 14951 | D:12     | Killed Fannar
 15349 | D:12     | Found a staircase to the Orcish Mines.
 15506 | D:12     | Reached XP level 12. HP: 44/51 MP: 13/27
 15710 | Lair:1   | Entered Level 1 of the Lair of Beasts
 15805 | Lair:1   | Noticed Mashchax's ghost (journeyman DEWz)
 15822 | Lair:1   | Killed Mashchax's ghost
 16173 | Lair:1   | Reached skill level 15 in Stealth
 16791 | Lair:2   | Reached skill level 1 in Fighting
 17061 | Lair:2   | Reached *** piety under Dithmenos
 17596 | Lair:3   | Reached skill level 15 in Hexes
 17627 | Lair:3   | Noticed a seven-headed hydra
 17631 | Lair:3   | Killed a seven-headed hydra
 17631 | Lair:3   | Reached skill level 5 in Dodging
 18107 | Lair:4   | Noticed Sonja
 18110 | Lair:4   | Noticed Rupert
 18354 | Lair:4   | Killed Rupert
 18354 | Lair:4   | Reached skill level 16 in Stealth
 18503 | Lair:4   | Killed Sonja
 18525 | Lair:4   | Noticed a five-headed hydra
 18586 | Lair:3   | Identified a scroll of acquirement
 18937 | Lair:4   | Killed a five-headed hydra
 18937 | Lair:4   | Reached XP level 13. HP: 60/60 MP: 12/28
 20836 | Lair:5   | Reached **** piety under Dithmenos
 21342 | Lair:6   | Reached skill level 17 in Stealth
 21445 | Lair:6   | Found a staircase to the Slime Pits.
 21635 | Lair:6   | Found a hole to the Spider Nest.
 21719 | Lair:6   | Found a staircase to the Shoals.
 22222 | Lair:6   | Reached skill level 5 in Fighting
 22621 | Lair:7   | Reached ***** piety under Dithmenos
 22628 | Lair:7   | Reached skill level 10 in Dodging
 22667 | Lair:7   | Noticed Maud
 22671 | Lair:7   | Killed Maud
 22762 | Lair:7   | Noticed Nessos
 22766 | Lair:7   | Killed Nessos
 23081 | Lair:8   | Entered Level 8 of the Lair of Beasts
 23352 | Lair:8   | Reached skill level 18 in Stealth
 23399 | Lair:8   | Reached XP level 14. HP: 70/70 MP: 29/29
 25549 | Lair:8   | Found a burning altar of Makhleb.
 25675 | Lair:8   | Reached skill level 19 in Stealth
 26391 | Lair:8   | Found a gateway to Hell.
 26623 | Orc:1    | Entered Level 1 of the Orcish Mines
 26623 | Orc:1    | Found a roughly hewn altar of Beogh.
 26631 | Orc:1    | Noticed an orc warlord
 26971 | Orc:1    | Killed an orc warlord
 27183 | Orc:2    | Entered Level 2 of the Orcish Mines
 27336 | Orc:2    | Found a staircase to the Elven Halls.
 27382 | Orc:2    | Reached ****** piety under Dithmenos
 28746 | Orc:2    | Found Kealotoc's Distillery.
 28746 | Orc:2    | Found Nihea's Food Shoppe.
 28746 | Orc:2    | Found Ywookiom's Weapon Emporium.
 28746 | Orc:2    | Found Qiopiol's Armour Shop.
 28752 | Orc:2    | Bought 2 potions of heal wounds for 140 gold pieces
 28752 | Orc:2    | Bought a potion of mutation for 35 gold pieces
 28938 | Orc:2    | Reached XP level 15. HP: 78/78 MP: 23/30
 29312 | D:13     | Reached skill level 20 in Stealth
 30514 | D:14     | Found a gate to the Vaults.
 30930 | D:14     | Reached skill level 1 in Invocations
 30932 | D:14     | Reached skill level 15 in Dodging
 31291 | D:15     | Entered Level 15 of the Dungeon
 32555 | D:15     | Found a staircase to the Depths.
 32863 | D:12     | Bought a book of the Sky for 715 gold pieces
 32863 | D:12     | Bought a book of Enchantments for 550 gold pieces
 32863 | D:12     | Bought a book of the Warp for 990 gold pieces
 32863 | D:12     | Bought a book of Geomancy for 385 gold pieces
 32929 | Lair:2   | Learned a level 2 spell: Repel Missiles
 33091 | Lair:2   | Learned a level 3 spell: Passwall
 33096 | Lair:2   | Learned a level 4 spell: Airstrike
 33188 | Spider:1 | Entered Level 1 of the Spider Nest
 33272 | Spider:1 | Noticed Donald
 33277 | Spider:1 | Killed Donald
 33376 | Spider:1 | Reached skill level 1 in Air Magic
 33550 | Spider:1 | Noticed Roxanne
 34468 | Spider:2 | Reached skill level 5 in Invocations
 34481 | Spider:2 | Reached XP level 16. HP: 84/84 MP: 29/32
 35717 | Spider:3 | Noticed Arachne
 35723 | Spider:3 | Killed Arachne
 37099 | Spider:4 | Entered Level 4 of the Spider Nest
 37099 | Spider:4 | Noticed Aizul
 37100 | Spider:4 | Killed Aizul
 37100 | Spider:4 | Reached skill level 5 in Air Magic
 39414 | Spider:4 | Reached XP level 17. HP: 87/87 MP: 32/35
 39704 | Spider:4 | Got a gossamer rune of Zot
 40201 | Shoals:1 | Entered Level 1 of the Shoals
 40286 | Shoals:1 | Reached skill level 1 in Shields
 40626 | Shoals:1 | Reached skill level 10 in Invocations
 40770 | Shoals:1 | Found Ratan's Weapon Shop.
 40779 | Shoals:1 | Bought 2 curare-tipped needles for 22 gold pieces
 41667 | Shoals:3 | Found Nokamun's Armour Boutique.
 41680 | Shoals:3 | Reached skill level 15 in Spellcasting
 43663 | Shoals:4 | Entered Level 4 of the Shoals
 43668 | Shoals:4 | Noticed Ilsuiw
 44528 | Shoals:4 | Reached XP level 18. HP: 92/92 MP: 38/38
 44537 | Shoals:4 | Reached skill level 5 in Shields
 45510 | Shoals:4 | Learned a level 2 spell: Shroud of Golubria
 46641 | Shoals:4 | Got a barnacled rune of Zot
 46964 | Vaults:1 | Entered Level 1 of the Vaults
 47354 | Vaults:1 | Noticed Nikola
 47382 | Vaults:1 | Killed from afar by Nikola

Vault maps used:
D:1:      dpeg_arrival_houses_and_road
D:2:      kennysheep_the_goblin_king, first_bread
D:3:      lemuel_doored_altar, nicolae_overflow_hidden_temple,
          minmay_misc_feat_square
D:4:      grunt_pakellas_sulfur, overflow_temple_1_default,
          nicolae_ru_sacrificial_ziggurat
D:5:      kennysheep_okawaru_gauntlet
D:6:      kennysheep_cross_bottleneck, uniq_sigmund
D:7:      kennysheep_mini, minmay_temple_entry_crystal_x
D:8:      nicolae_ashenzari_panopticon, hex_large
D:9:      marbit_many_paths, kiku_gazebo_garden_becter,
          nicolae_overflow_crystal_walls, gammafunk_temple_overflow_pools,
          amethyst_overflow_temple_binary, basic_altar
D:10:     lair_0_dummy, david_nohive_1, uniq_urug, uniq_snorg, uniq_erolcha
D:11:     lab_entry_generic, kennysheep_donut, david_defended_altar_elf
D:12:     orc_0_dummy, serial_shops, shop, shop, uniq_frances, uniq_fannar
D:14:     david_vaults_5, nrook_mini_vaults
D:15:     grunt_enter_depths_hoard, minmay_misc_feat_iff, ice2_lemuel
Temple:   circular_temple_6
Lair:2:   grunt_megastairs_4, infiniplex_staircase_pool, serial_bayou_shore_b
Lair:3:   dpeg_oklob_gauntlet, grunt_forest_small_clearing_treed
Lair:4:   lemuel_fruit_fields, infiniplex_staircase_pool_2, uniq_rupert,
          uniq_sonja
Lair:5:   grunt_forest_large_clearings
Lair:6:   elwin_shoals_entry_rocks, nicolae_spider_entry_orb_guardian,
          minmay_slime_entry_jelly_boxes, serial_bayou_shore_b,
          grunt_megastairs_2
Lair:7:   uniq_nessos, uniq_maud
Lair:8:   evil_forest, special_room, grunt_megastairs_5
Shoals:1: serial_shops, shop, nicolae_shoals_aquamancer_cove
Shoals:2: nicolae_shoals_mertower
Shoals:3: serial_shops, shop
Shoals:4: shoals_end_grunt_ice, shoals_ilsuiw_ice
Spider:1: uniq_donald, uniq_roxanne
Spider:3: uniq_arachne
Spider:4: spider_rune_water, uniq_aizul
Orc:1:    basic_altar
Orc:2:    st_orc_ogre_mass, mines2_lemuel
Vaults:1: vaults_mumra_hexcomb, hangedman_vaults_nodes,
          nicolae_vaults_disjoint_gnomons, ontoclasm_vaults_hangar,
          grunt_vaults_funnel, grunt_vaults_hallway_long,
          vaults_room_grunt_arrival_ludios, vaults_room_ringed_pool, v_rooms_3,
          ontoclasm_vaults_gallery, vaults_dpeg_hooks, serial_shops,
          nicolae_shop_stone, uniq_nikola, uniq_jorgrun, uniq_saint_roka
Lab:      labyrinth_hidden_loot, nicolae_lab_plus

Action                   |  1- 3 |  4- 6 |  7- 9 | 10-12 | 13-15 | 16-18 || total
-------------------------+-------+-------+-------+-------+-------+-------++-------
Melee: Dagger            |    86 |   157 |   304 |   342 |   875 |   691 ||  2455
 Fire: Blowgun           |       |       |       |    81 |    48 |    60 ||   189
 Cast: Ensorcelled Hiber |    12 |    22 |    63 |   109 |   278 |   128 ||   612
       Confuse           |       |     9 |    50 |    98 |   257 |   247 ||   661
       Passwall          |       |       |       |       |     2 |     4 ||     6
       Repel Missiles    |       |       |       |       |     1 |     1 ||     2
       Airstrike         |       |       |       |       |       |    44 ||    44
       Shroud of Golubri |       |       |       |       |       |     7 ||     7
Invok: Shadow Step       |       |       |       |       |     4 |     4 ||     8
       Shadow Form       |       |       |       |       |       |     1 ||     1
 Abil: Evoke Flight      |       |       |       |       |       |    49 ||    49
       Stop Flying       |       |       |       |       |       |     1 ||     1
Evoke: Wand              |       |       |       |     1 |     1 |       ||     2
  Use: Scroll            |       |       |       |    30 |     6 |    11 ||    47
       Potion            |       |       |       |       |     1 |       ||     1
 Stab: Sleeping          |    18 |    22 |    52 |   107 |   271 |   174 ||   644
       Confused          |       |     3 |    29 |    84 |   110 |   126 ||   352
       Distracted        |       |       |     3 |     2 |     6 |     9 ||    20
  Eat: Bread ration      |       |     1 |       |       |     1 |       ||     2
       Pizza             |       |       |     2 |     1 |     1 |       ||     4
       Fruit             |       |       |       |     3 |     8 |    18 ||    29
       Royal jelly       |       |       |       |     1 |       |     1 ||     2
